 Dungeon Crawl Stone Soup version 0.27.1-34-g3ba077fa99 (webtiles) character file.

Game seed: 17242038199355259825

92 hawla the Conjurer (level 4, -4/36 HPs)
             Began as a Draconian Conjurer on Jan 18, 2022.
             Slain by a gnoll shaman (6 damage)
             ... on level 2 of the Dungeon.
             The game lasted 00:05:17 (1857 turns).

hawla the Conjurer (Draconian Conjurer)             Turns: 1857, Time: 00:05:19

Health: -4/36      AC:  5    Str:  8 (10) XL:     4   Next: 35%
Magic:  0/8        EV: 11    Int: 16 (19) God:
Gold:   40         SH:  0    Dex:  7 (9)  Spells: 5/8 levels left

rFire    . . .     SeeInvis .   g - +3 dagger
rCold    . . .     Faith    .   (no shield)
rNeg     . . .     Spirit   .   (armour unavailable)
rPois    .         Reflect  .   (helmet restricted)
rElec    .         Harm     .   (no cloak)
rCorr    .         Rampage  .   (no gloves)
Will     .....                  (no boots)
Stlth    +.........             (no amulet)
HPRegen  0.12/turn              (no ring)
MPRegen  0.11/turn              (no ring)

@: mighty, lit by a corona, glowing
A: AC +5, unfitting armour, cold-blooded, stinger 1, talons 1
a: no special abilities


You were on level 2 of the Dungeon.
You visited 1 branch of the dungeon, and saw 2 of its levels.

You collected 40 gold pieces.

Inventory:

Hand Weapons
 g - a +3 dagger (weapon)
Potions
 a - a potion of degeneration


   Skills:
 - Level 2.0 Fighting
 - Level 2.0 Dodging
 - Level 2.0 Stealth
 + Level 2.9 Spellcasting
 - Level 4.0 Conjurations
 + Level 2.2 Translocations


You had 5 spell levels left.
You knew the following spells:

 Your Spells              Type           Power      Damage    Failure   Level
a - Magic Dart            Conj           60%        1d6       3%          1
b - Searing Ray           Conj           30%        3d4       5%          2

Your spell library contained the following spells:

 Spells                   Type           Power      Damage    Failure   Level
 Dazzling Flash           Conj/Hex       16%        N/A       26%         3
 Iskenderun's Mystic Bla  Conj/Tloc      12%        2d5       45%         4
 Fulminant Prism          Conj/Hex       4%         3d6       63%         4
 Conjure Ball Lightning   Conj/Air       4%         3x3d6     100%        6
 Discord                  Hex            1%         N/A       100%        8
 Disjunction              Tloc           4%         N/A       100%        8


Dungeon Overview and Level Annotations

Branches:
Dungeon (2/15)

Altars:


Innate Abilities, Weirdness & Mutations

Your plain brown scales are hard. (AC +5)
You cannot fit into any form of body armour.
You are cold-blooded and may be slowed by cold attacks.
Your tail ends in a poisonous barb.
You have sharp toenails.


Message History

Aim: a gnoll, wielding a +0 flail (79% to hit)
The searing ray hits the gnoll!
The gnoll is heavily wounded. (Press . to maintain the ray.)
The gnoll shaman calls down the wrath of its god upon you.
You are outlined in light.
The gnoll barely misses you. The rat bites you but does no damage.
You barely miss the gnoll.
The gnoll is heavily wounded.
The gnoll shaman hits you with a +0 club!
The gnoll closely misses you. The rat bites you but does no damage.
Sorry, you're not good enough to have a special ability.
Unknown command.
You puncture the gnoll!
You kill the gnoll!
The gnoll shaman hits you with a +0 club.
The rat bites you but does no damage.
You puncture the rat!
You kill the rat!
The gnoll shaman hits you with a +0 club.
You feel your dexterity returning.
The gnoll shaman hits you with a +0 club.
* * * LOW HITPOINT WARNING * * *
Things that are here:
a +0 spear; a gnoll corpse The gnoll shaman barely misses you.
You see here a +0 club.
The gnoll shaman hits you with a +0 club!
* * * LOW HITPOINT WARNING * * *
Okay, then.
Casting: Searing Ray (safe; 5% risk of failure)
Confirm with . or Enter, or press ? or * to list all spells.
Aiming: Searing Ray (safe; 5% risk of failure)
Press: ? - help, Shift-Dir - straight line, f - gnoll shaman
Aim: a gnoll shaman, wielding a +0 club and wearing a +0 robe (79% to hit)
The searing ray hits the gnoll shaman.
The gnoll shaman is lightly wounded. (Press . to maintain the ray.)
The gnoll shaman hits you with a +0 club.
You die...

### # #.. #.#.#
####### #.#.#
#......
#######.#.###.#####
..................
#.##.....###.#####
.g.. #@##.#..<#
#.....# ...
#g##.###########.#
..
#.##.)...........#
#g#
#.######.#########
.. #.# #..........
#.#######.###
#.#########
#..#........####.#
#)#........##...#
#.#........##)###


You could see a gnoll shaman.

Vanquished Creatures
  Jessica (D:2)
  3 gnolls (D:2)
  2 dart slugs (D:1)
  A ball python (D:1)
  3 bats
  4 endoplasms
  A giant cockroach (D:1)
  4 goblins
  3 hobgoblins
  2 quokkas (D:1)
  A frilled lizard (D:1)
  5 kobolds
  3 rats
33 creatures vanquished.

Notes
Turn   | Place    | Note
-------+----------+-------------------------------------------
     0 | D:1      | hawla the Draconian Conjurer began the quest for the Orb.
     0 | D:1      | Reached XP level 1. HP: 14/14 MP: 3/3
   453 | D:1      | Reached XP level 2. HP: 22/22 MP: 0/5
   506 | D:1      | Found a faded altar of an unknown god.
   631 | D:1      | Learned a level 2 spell: Searing Ray
   734 | D:1      | Reached skill level 1 in Fighting
   917 | D:1      | Reached skill level 1 in Translocations
  1508 | D:2      | Gained mutation: You have sharp toenails. [potion of
                  | mutation]
  1508 | D:2      | Gained mutation: Your tail ends in a poisonous barb.
                  | [potion of mutation]
  1532 | D:2      | Reached XP level 3. HP: 28/28 MP: 4/6
  1567 | D:2      | Noticed Jessica
  1571 | D:2      | Killed Jessica
  1816 | D:2      | Reached XP level 4. HP: 30/36 MP: 4/8
  1847 | D:2      | HP: 1/36 [gnoll shaman (8)]
  1857 | D:2      | Slain by a gnoll shaman

Illustrated notes

Levels and vault maps discovered:
D:1:      dpeg_arrival_round_a, layout_loops_ring, serial_glass,
          glass_columns_c, glass_columns_a, glass_columns_b, glass_columns_c,
          glass_columns_a, glass_columns_a, glass_columns_a, glass_columns_a,
          shapermc_ecumenical_altar_mp_highgroup, kennysheep_boxes
D:2:      layout_basic, uniq_jessica

Skill      XL: |  1  2  3  4 |
---------------+-------------+-----
Stealth        | 2 |  2.0
Dodging        | 2 |  2.0
Fighting       | 1 2 |  2.0
Translocations | 1 2 |  2.2
Spellcasting   | |  2.9
Conjurations   | |  4.0

Action                   |  1- 3 |  4- 6 || total
-------------------------+-------+-------++-------
Melee: Unarmed           |    20 |       ||    20
       Tailslap          |     2 |       ||     2
       Dagger            |    10 |     6 ||    16
       Kick              |     3 |     1 ||     4
 Cast: Magic Dart        |    29 |       ||    29
       Searing Ray       |    13 |     3 ||    16
  Use: Scroll            |     2 |       ||     2
       Potion            |     1 |     4 ||     5
Armor: Skin              |     7 |     6 ||    13
Dodge: Dodged            |    20 |    10 ||    30
